AoeStats
← EULight

Arena

509144781Analyzed
4v4 RM · 8d ago on Sep 25, 2026· 47m 40s· 8 players
Game mode
Random Map
Map size
Large (8 player)
Population
200
Speed
Normal
Resources
Standard
Victory
Conquest
Starting age
Dark Age
Ending age
Imperial Age
RankedLock teamsTeams togetherTeam positionsShared explorationLock speedFull tech treeHidden civsTurbo modeCheats
Victory
Defeat
🇷🇺 Jurchens · Russia
1281
+15
🇧🇩 Spanish · Bangladesh
1259
+16
🇸🇰 Bohemians · Slovakia
1253
+16
🇪🇸 Varangians · Spain
1241
+18
🇻🇳 Spanish · Vietnam
1399
-21
🇻🇳 Georgians · Vietnam
1251
-16
🇻🇳 Wei · Vietnam
1250
-16
🇻🇳 Huns · Vietnam
1153
-12
Kamrul007
8:27 Loom
11:18 Feudal Age
16:02 Castle Age
14:37 Double-Bit Axe
15:13 Horse Collar
15:27 Stone Mining
15:59 Gold Mining
16:31 Town Watch
18:02 Bloodlines
18:25 Padded Archer Armor
23:29 Wheelbarrow
23:50 Leather Archer Armor
24:22 Town Patrol
26:46 Forging
27:49 Scale Barding Armor
29:48 Inquisition
31:19 Murder Holes
31:38 Fortified Wall
31:46 Murder Holes
32:41 Fletching
34:04 Ballistics
37:31 Imperial Age
36:04 Iron Casting
35:52 Chain Barding Armor
36:29 Bow Saw
36:23 Heavy Plow
36:59 Bodkin Arrow
39:05 Conscription
38:49 Husbandry
39:53 Blast Furnace
39:24 Ring Archer Armor
40:17 Plate Barding Armor
40:20 Hand Cart
40:24 Bracer
41:42 Elite Conquistador
46:10 Two-Man Saw
46:36 Chemistry
45:49 Masonry
Flamenquin
9:24 Feudal Age
13:18 Castle Age
11:19 Double-Bit Axe
18:28 Horse Collar
22:49 Wheelbarrow
22:43 Bow Saw
22:53 Heavy Plow
22:53 Gold Mining
24:44 Scale Mail Armor
24:50 Scale Barding Armor
27:05 Loom
29:57 Imperial Age
27:58 Fortified Wall
27:58 Masonry
28:39 Chain Mail Armor
28:35 Forging
29:06 Squires
30:15 Chain Barding Armor
30:25 Hand Cart
29:56 Town Watch
30:09 Treadmill Crane
30:14 Elite Varangian Guard
30:40 Arson
31:26 Gambesons
32:13 Plate Mail Armor
32:19 Plate Barding Armor
32:42 Town Patrol
32:37 Gothikon
33:40 Conscription
34:21 Bloodlines
34:11 Husbandry
34:42 Elite Jarl
37:34 Iron Casting
36:49 Fletching
39:19 Guard Tower
40:30 Chemistry
40:50 Blast Furnace
41:44 Two-Man Saw
41:26 Crop Rotation
44:58 Stone Mining
45:23 Bodkin Arrow
EULight
2:52 Loom
10:18 Feudal Age
10:56 Double-Bit Axe
10:52 Horse Collar
18:04 Castle Age
19:19 Heavy Plow
19:46 Fletching
19:58 Padded Archer Armor
20:16 Bow Saw
21:25 Husbandry
21:23 Bodkin Arrow
23:27 Scale Mail Armor
24:17 Forging
24:15 Squires
23:49 Pikeman
25:51 Chain Mail Armor
33:33 Imperial Age
33:17 Wagenburg Tactics
33:46 Arson
34:38 Iron Casting
34:19 Leather Archer Armor
34:21 Elite Hussite Wagon
35:21 Halberdier
36:08 Scale Barding Armor
36:16 Bracer
37:36 Conscription
39:09 Caravan
40:56 Wheelbarrow
40:07 Town Watch
41:51 Blast Furnace
41:24 Plate Mail Armor
43:58 Scale Barding Armor
44:55 Chemistry
44:07 Masonry
Mr. Penis
11:06 Feudal Age
14:54 Castle Age
12:41 Horse Collar
12:48 Double-Bit Axe
16:04 Bow Saw
18:51 Fervor
21:08 Sanctity
22:42 Wheelbarrow
22:38 Heavy Plow
23:52 Gold Mining
24:10 Loom
24:45 Fortified Wall
25:32 Gold Shaft Mining
24:54 Stone Mining
26:04 Hand Cart
25:35 Town Watch
31:01 Imperial Age
28:31 Town Patrol
29:16 Town Patrol
30:28 Gold Shaft Mining
30:29 Stone Shaft Mining
31:13 Scale Mail Armor
31:24 Forging
31:21 Fortified Bastions
31:43 Bloodlines
31:33 Husbandry
32:03 Scale Barding Armor
31:48 Fletching
33:08 Crop Rotation
33:40 Two-Man Saw
36:18 Siege Engineers
35:42 Elite Steppe Lancer
37:22 Chain Barding Armor
37:44 Iron Casting
38:51 Plate Barding Armor
38:44 Conscription
39:52 Hoardings
kw3dsky
11:11 Feudal Age
13:55 Stone Mining
16:08 Castle Age
14:01 Double-Bit Axe
14:17 Horse Collar
19:30 Wheelbarrow
18:57 Heavy Plow
23:26 Husbandry
24:19 Scale Barding Armor
24:58 Forging
25:56 Chain Barding Armor
26:34 Bloodlines
27:22 Iron Casting
28:39 Hand Cart
32:44 Imperial Age
30:42 Fletching
30:53 Padded Archer Armor
30:45 Loom
31:24 Bodkin Arrow
32:24 Leather Archer Armor
32:51 Bow Saw
32:47 Heavy Cavalry Archer
34:10 Parthian Tactics
35:09 Conscription
35:29 Bracer
36:31 Chemistry
37:50 Blast Furnace
38:18 Plate Barding Armor
39:52 Cavalier
40:49 Elite Tarkan
41:31 Marauders
Tin's
10:31 Feudal Age
16:09 Castle Age
15:13 Double-Bit Axe
15:09 Horse Collar
18:18 Bow Saw
18:45 Loom
26:26 Treadmill Crane
28:27 Gold Mining
28:27 Stone Mining
30:10 Svan Towers
33:35 Imperial Age
32:44 Wheelbarrow
32:52 Fletching
33:03 Padded Archer Armor
33:09 Scale Barding Armor
33:15 Forging
32:27 Man-at-Arms
32:52 Gambesons
33:25 Long Swordsman
34:19 Scale Mail Armor
35:19 Ballistics
35:18 Heavy Plow
35:03 Two-Handed Swordsman
36:14 Squires
37:04 Chain Mail Armor
37:24 Iron Casting
36:19 Champion
37:42 Conscription
Phu Thuy
8:21 Loom
10:48 Feudal Age
12:44 Wheelbarrow
15:25 Castle Age
13:30 Horse Collar
14:35 Double-Bit Axe
15:52 Gold Mining
15:53 Stone Mining
21:20 Bow Saw
22:24 Scale Barding Armor
23:34 Chain Barding Armor
23:22 Heavy Plow
24:06 Forging
25:50 Iron Casting
26:05 Bloodlines
28:12 Town Watch
30:02 Fletching
33:25 Imperial Age
32:04 Husbandry
32:47 Bodkin Arrow
35:35 Blast Furnace
36:42 Elite Tiger Cavalry
44:01 Ming Guang Armor
45:59 Hand Cart
TạNgànCân
11:16 Feudal Age
12:38 Double-Bit Axe
12:34 Horse Collar
15:49 Castle Age
14:10 Gold Mining
15:26 Padded Archer Armor
17:29 Leather Archer Armor
18:47 Bloodlines
18:50 Loom
20:06 Husbandry
22:46 Wheelbarrow
30:26 Heavy Plow
30:49 Bow Saw
32:34 Stone Mining
34:20 Hand Cart
38:19 Imperial Age
39:43 Scale Barding Armor
39:50 Forging
40:11 Ring Archer Armor
41:14 Inquisition
40:35 Elite Conquistador
41:40 Conscription
42:36 Light Cavalry
44:01 Chain Barding Armor
44:16 Iron Casting
Connection lost

Rejoining the realm…

Still unreachable

The connection could not be restored.

Session expired

The server has moved on; the page needs a fresh start.